AZL
SEATTLE (AZL) MARINERS @ TEXAS (AZL) RANGERS
07/07/2098
 
TOP OF THE 1ST
Seattle (AZL) Mariners batting - Pitching for Texas (AZL) Rangers : RHP Fernando Solis
Pitching: RHP Fernando Solis
Batting: RHB Kevin Spence 0-0: Ball
1-0: Fly out, F8 (Flyball, 8LM, EV 90.0 MPH)
Batting: RHB Victor Ramirez 0-0: Ball
1-0: Ball
2-0: Called Strike
2-1: Reached on error, E5 (Groundball, 56, EV 86.9 MPH)
Batting: RHB Kyle Hernandez 0-0: Ball
1-0: Called Strike
Victor Ramirez steals 2nd base
1-1: Foul Ball, location: 5F
1-2: Foul Ball, location: 5FF
1-2: Strikes out swinging
Batting: SHB Brian Sheets 0-0: Foul Ball, location: 7LDF
0-1: Ball
1-1: Swinging Strike
1-2: Fly out, F9 (Flyball, 9, EV 88.8 MPH)
Top of the 1st over - 0 runs, 0 hits, 1 error, 1 left on base; Seattle (AZL) 0 - Texas (AZL) 0
BOTTOM OF THE 1ST
Texas (AZL) Rangers batting - Pitching for Seattle (AZL) Mariners : LHP Oscar Tavarez
Pitching: LHP Oscar Tavarez
Batting: RHB Zach Baltzell 0-0: Ball
1-0: Ball
2-0: Called Strike
2-1: Ground out 4-3 (Groundball, 34D, EV 104.4 MPH)
Batting: RHB Baldwin Meyer 0-0: Called Strike
0-1: Ball
1-1: Ball
2-1: Swinging Strike
2-2: Ball
3-2: Ground out 5-3 (Groundball, 56S, EV 83.1 MPH)
Batting: RHB Werner Hutfloetz 0-0: Fly out, F8 (Flyball, 8RXD, EV 107.5 MPH)
Bottom of the 1st over - 0 runs, 0 hits, 0 errors, 0 left on base; Seattle (AZL) 0 - Texas (AZL) 0
TOP OF THE 2ND
Seattle (AZL) Mariners batting - Pitching for Texas (AZL) Rangers : RHP Fernando Solis
Batting: RHB Manuel Villa 0-0: Foul Ball, location: 25F
0-1: Ball
1-1: Ball
2-1: Ball
3-1: Base on Balls
Batting: LHB David McDonald 0-0: Ball
1-0: Swinging Strike
Manuel Villa is caught stealing 2nd base 2-6
1-1: Ball
2-1: Swinging Strike
2-2: Ball
3-2: Strikes out swinging
Batting: SHB Brent Manske 0-0: Ball
1-0: Foul Ball, location: 5DF
1-1: Ball
2-1: Ball
3-1: Base on Balls
Batting: LHB William Currea Pickoff Play to 1st, Runner tries for 2nd, OUT after rundown.
Top of the 2nd over - 0 runs, 0 hits, 0 errors, 0 left on base; Seattle (AZL) 0 - Texas (AZL) 0
BOTTOM OF THE 2ND
Texas (AZL) Rangers batting - Pitching for Seattle (AZL) Mariners : LHP Oscar Tavarez
Batting: RHB Victor Tiscareno 0-0: Ball
1-0: Foul Ball, location: 2F
1-1: Ball
2-1: Swinging Strike
2-2: Ball
3-2: Foul Ball, location: 5F
3-2: Foul Ball, location: 2LF
3-2: Foul Ball, location: 5DF
3-2: Ground out 6-3 (Groundball, 6, EV 101.9 MPH)
Batting: SHB Mark Dunkley 0-0: Called Strike
0-1: SINGLE (Groundball, 56D, EV 96.9 MPH)
Batting: LHB Omar Ortega 0-0: Swinging Strike
0-1: Called Strike
0-2: Ball
1-2: Ball
2-2: SINGLE (Line Drive, 4D, EV 100.6 MPH)
Mark Dunkley to second
Batting: RHB Ross Embree 0-0: Swinging Strike
0-1: Ball
1-1: Ball
2-1: Called Strike
2-2: Strikes out swinging
Batting: LHB Ben May 0-0: Called Strike
0-1: Ball
1-1: Ball
2-1: DOUBLE (Line Drive, 9LS, EV 111.3 MPH)
Mark Dunkley scores
Omar Ortega to third
Batting: SHB Rob Sadowski 0-0: Called Strike
0-1: Called Strike
0-2: Foul Ball, location: 5F
0-2: Foul Ball, location: 25F
0-2: Ball
1-2: Strikes out swinging
Bottom of the 2nd over - 1 run, 3 hits, 0 errors, 2 left on base; Seattle (AZL) 0 - Texas (AZL) 1
TOP OF THE 3RD
Seattle (AZL) Mariners batting - Pitching for Texas (AZL) Rangers : RHP Fernando Solis
Batting: LHB William Currea 0-0: Ball
1-0: Swinging Strike
1-1: Ground out 5-3 (Groundball, 56, EV 83.1 MPH)
Batting: RHB Ryan Arroyo 0-0: Ball
1-0: Ball
2-0: SINGLE (Line Drive, 3D, EV 95.0 MPH)
Batting: RHB Kevin Spence 0-0: Called Strike
0-1: Foul Ball, location: 2F
0-2: Fly out, F7 (Line Drive, 7LM, EV 101.3 MPH)
Batting: RHB Victor Ramirez 0-0: Called Strike
0-1: Swinging Strike
0-2: Foul Ball, location: 5FF
0-2: Ball
1-2: Ball
2-2: Ball
3-2: Foul Ball, location: 2F
3-2: Base on Balls
Ryan Arroyo to second
Batting: RHB Kyle Hernandez 0-0: Ball
1-0: Called Strike
1-1: Ball
2-1: Ball
3-1: Foul Ball, location: 5FF
3-2: Foul Ball, location: 3DF
3-2: Fly out, F7 (Flyball, 7S, EV 88.1 MPH)
Top of the 3rd over - 0 runs, 1 hit, 0 errors, 2 left on base; Seattle (AZL) 0 - Texas (AZL) 1
BOTTOM OF THE 3RD
Texas (AZL) Rangers batting - Pitching for Seattle (AZL) Mariners : LHP Oscar Tavarez
Batting: RHB Zach Baltzell 0-0: Ball
1-0: Ball
2-0: Called Strike
2-1: Ball
3-1: Called Strike
3-2: Foul Ball, location: 7LMFF
3-2: Ground out 5-3 (Groundball, 56, EV 98.8 MPH)
Batting: RHB Baldwin Meyer 0-0: Ball
1-0: TRIPLE (Groundball, 3L, EV 109.4 MPH)
Batting: RHB Werner Hutfloetz 0-0: Called Strike
0-1: Called Strike
0-2: Ball
1-2: Fly out, F9 (Flyball, 9, EV 89.4 MPH)
Runner from 3rd tags up, SCORES, throw by RF
Batting: RHB Victor Tiscareno 0-0: Ball
1-0: Foul Ball, location: 5F
1-1: Swinging Strike
1-2: Fly out, F8 (Flyball, 89M, EV 90.0 MPH)
Bottom of the 3rd over - 1 run, 1 hit, 0 errors, 0 left on base; Seattle (AZL) 0 - Texas (AZL) 2
TOP OF THE 4TH
Seattle (AZL) Mariners batting - Pitching for Texas (AZL) Rangers : RHP Fernando Solis
Batting: SHB Brian Sheets 0-0: Fly out, F8 (Flyball, 8LD, EV 105.6 MPH)
Batting: RHB Manuel Villa 0-0: Foul Ball, location: 2F
0-1: Ground out 6-3 (Groundball, 6, EV 95.6 MPH)
Batting: LHB David McDonald 0-0: Ball
1-0: Foul Ball, location: 3F
1-1: SINGLE (Groundball, 34D, EV 98.8 MPH)
Batting: SHB Brent Manske 0-0: Ball
1-0: Ball
2-0: SINGLE (Groundball, 34D, EV 103.1 MPH)
David McDonald to second
Runner from 2nd tries for 3rd, SAFE, throw by RF made to third
Batting: LHB William Currea 0-0: Ball
1-0: Fly out, F6 (Line Drive, 56D, EV 69.4 MPH)
Top of the 4th over - 0 runs, 2 hits, 0 errors, 2 left on base; Seattle (AZL) 0 - Texas (AZL) 2
BOTTOM OF THE 4TH
Texas (AZL) Rangers batting - Pitching for Seattle (AZL) Mariners : LHP Oscar Tavarez
Batting: SHB Mark Dunkley 0-0: Fly out, F5 (Popup, 56S, EV 86.3 MPH)
Batting: LHB Omar Ortega 0-0: Ball
1-0: Fly out, F4 (Popup, 4S, EV 68.8 MPH)
Batting: RHB Ross Embree 0-0: Ground out 6-3 (Groundball, 6, EV 80.6 MPH)
Bottom of the 4th over - 0 runs, 0 hits, 0 errors, 0 left on base; Seattle (AZL) 0 - Texas (AZL) 2
TOP OF THE 5TH
Seattle (AZL) Mariners batting - Pitching for Texas (AZL) Rangers : RHP Fernando Solis
Batting: RHB Ryan Arroyo 0-0: Called Strike
0-1: Foul Ball, location: 2F
0-2: Foul Ball, location: 23F
0-2: Ball
1-2: Ball
2-2: Strikes out swinging
Batting: RHB Kevin Spence 0-0: Ball
1-0: Ball
2-0: Called Strike
2-1: Called Strike
2-2: SINGLE (Flyball, 7, EV 93.8 MPH)
Pitching: RHP Alex Rosado
Batting: RHB Victor Ramirez 0-0: Swinging Strike
0-1: Foul Ball, location: 5FF
0-2: Ball
1-2: Foul Ball, location: 9LSF
1-2: Strikes out swinging
Batting: RHB Kyle Hernandez 0-0: Ball
Kevin Spence steals 2nd base
1-0: Ball
2-0: Foul Ball, location: 5F
2-1: Ball
3-1: Ground out 5-3 (Groundball, 56, EV 90.6 MPH)
Top of the 5th over - 0 runs, 1 hit, 0 errors, 1 left on base; Seattle (AZL) 0 - Texas (AZL) 2
BOTTOM OF THE 5TH
Texas (AZL) Rangers batting - Pitching for Seattle (AZL) Mariners : LHP Oscar Tavarez
Batting: LHB Ben May 0-0: Called Strike
0-1: Ball
1-1: Called Strike
1-2: Ball
2-2: SINGLE (Line Drive, 89S, EV 94.4 MPH)
Batting: SHB Rob Sadowski 0-0: Ball
1-0: Ball
Ben May is caught stealing 2nd base 2-4
2-0: Ground out 5-3 (Groundball, 56, EV 102.5 MPH)
Batting: RHB Zach Baltzell 0-0: Ground out 6-3 (Groundball, 6, EV 106.9 MPH)
Bottom of the 5th over - 0 runs, 1 hit, 0 errors, 0 left on base; Seattle (AZL) 0 - Texas (AZL) 2
TOP OF THE 6TH
Seattle (AZL) Mariners batting - Pitching for Texas (AZL) Rangers : RHP Alex Rosado
Batting: SHB Brian Sheets 0-0: Ball
1-0: Ball
2-0: Foul Ball, location: 9LSF
2-1: Swinging Strike
2-2: Ball
3-2: Fly out, F8 (Flyball, 8LD, EV 93.8 MPH)
Batting: RHB Manuel Villa 0-0: Ball
1-0: Foul Ball, location: 9LDF
1-1: Ground out 6-3 (Groundball, 6, EV 88.1 MPH)
Batting: LHB David McDonald 0-0: Ball
1-0: Foul Ball, location: 3SF
1-1: Foul Ball, location: 2F
1-2: Hit by Pitch
Batting: SHB Brent Manske 0-0: Ball
1-0: SINGLE (Groundball, 4MD, EV 102.5 MPH)
David McDonald to second
Runner from 2nd tries for 3rd, SAFE, no throw by CF
Batting: LHB William Currea 0-0: Swinging Strike
0-1: Fly out, F8 (Flyball, 8LD, EV 110.0 MPH)
Top of the 6th over - 0 runs, 1 hit, 0 errors, 2 left on base; Seattle (AZL) 0 - Texas (AZL) 2
BOTTOM OF THE 6TH
Texas (AZL) Rangers batting - Pitching for Seattle (AZL) Mariners : LHP Oscar Tavarez
Batting: RHB Baldwin Meyer 0-0: Ball
1-0: Foul Ball, location: 25F
1-1: Swinging Strike
1-2: Ball
2-2: Strikes out swinging
Batting: RHB Werner Hutfloetz 0-0: Ball
1-0: Ball
2-0: Called Strike
2-1: Ball
3-1: Foul Ball, location: 2F
3-2: DOUBLE (Flyball, 78XD, EV 98.8 MPH)
Pitching: RHP Rogelio Vicario
Batting: RHB Victor Tiscareno 0-0: Ball
1-0: Swinging Strike
1-1: Ball
2-1: Ball
3-1: Base on Balls
Batting: SHB Mark Dunkley 0-0: SINGLE (Flyball, 3D, EV 91.3 MPH)
Werner Hutfloetz to third
Victor Tiscareno to second
Batting: LHB Omar Ortega 0-0: Swinging Strike
0-1: Called Strike
0-2: Strikes out swinging
Batting: RHB Ross Embree 0-0: Called Strike
0-1: Ball
1-1: Ball
2-1: Foul Ball, location: 7LMFF
2-2: Strikes out swinging
Bottom of the 6th over - 0 runs, 2 hits, 0 errors, 3 left on base; Seattle (AZL) 0 - Texas (AZL) 2
TOP OF THE 7TH
Seattle (AZL) Mariners batting - Pitching for Texas (AZL) Rangers : RHP Alex Rosado
Batting: RHB Ryan Arroyo 0-0: Ball
1-0: Ball
2-0: Ball
3-0: Called Strike
3-1: Foul Ball, location: 2F
3-2: Ground out 5-3 (Groundball, 56S, EV 83.8 MPH)
Batting: RHB Kevin Spence 0-0: Ball
1-0: Ball
2-0: Foul Ball, location: 2F
2-1: Fly out, F8 (Flyball, 8RM, EV 93.1 MPH)
Batting: RHB Victor Ramirez 0-0: Called Strike
0-1: SINGLE (Groundball, 6, EV 103.8 MPH) (infield hit)
Batting: RHB Kyle Hernandez 0-0: Ball
1-0: Called Strike
1-1: Ball
2-1: Ball
3-1: Base on Balls
Victor Ramirez to second
Pitching: RHP David Herrera
Batting: SHB Brian Sheets 0-0: Ball
1-0: Foul Ball, location: 2F
1-1: Ball
2-1: Foul Ball, location: 9LSF
2-2: Ball
3-2: Foul Ball, location: 3DF
3-2: Ground out 4-3 (Groundball, 4D, EV 103.8 MPH)
Top of the 7th over - 0 runs, 1 hit, 0 errors, 2 left on base; Seattle (AZL) 0 - Texas (AZL) 2
BOTTOM OF THE 7TH
Texas (AZL) Rangers batting - Pitching for Seattle (AZL) Mariners : RHP Rogelio Vicario
Pitching: RHP Jerry Canales
Batting: LHB Ben May 0-0: Ball
1-0: Foul Ball, location: 5F
1-1: Foul Ball, location: 2F
1-2: Ball
2-2: Strikes out swinging
Batting: SHB Rob Sadowski 0-0: Ground out 4-3 (Groundball, 4D, EV 106.3 MPH)
Batting: RHB Zach Baltzell 0-0: Called Strike
0-1: Hit by Pitch
Batting: RHB Baldwin Meyer 0-0: Foul Ball, location: 25F
0-1: Called Strike
0-2: Strikes out looking
Bottom of the 7th over - 0 runs, 0 hits, 0 errors, 1 left on base; Seattle (AZL) 0 - Texas (AZL) 2
TOP OF THE 8TH
Seattle (AZL) Mariners batting - Pitching for Texas (AZL) Rangers : RHP David Herrera
Batting: RHB Manuel Villa 0-0: Ball
1-0: Ground out 6-3 (Groundball, 6, EV 98.8 MPH)
Batting: LHB David McDonald 0-0: Swinging Strike
0-1: Foul Ball, location: 2LF
0-2: Ball
1-2: Foul Ball, location: 23F
1-2: Ball
2-2: Ball
3-2: Foul Ball, location: 3F
3-2: Base on Balls
Batting: SHB Brent Manske 0-0: Ball
1-0: Foul Ball, location: 2F
1-1: Ball
2-1: Foul Ball, location: 2RF
2-2: Foul Ball, location: 7LDF
2-2: SINGLE (Groundball, 6MD, EV 94.4 MPH)
David McDonald to second
Batting: LHB William Currea 0-0: Called Strike
0-1: Called Strike
0-2: Ball
1-2: Strikes out swinging
Pinch Hitting: RHB Primo Daniele 0-0: Swinging Strike
0-1: Foul Ball, location: 3SF
0-2: Ball
1-2: Strikes out looking
Top of the 8th over - 0 runs, 1 hit, 0 errors, 2 left on base; Seattle (AZL) 0 - Texas (AZL) 2
BOTTOM OF THE 8TH
Texas (AZL) Rangers batting - Pitching for Seattle (AZL) Mariners : RHP Jerry Canales
Now at C: Gaspare Cattarinussi
Batting: RHB Werner Hutfloetz 0-0: Ground out 6-3 (Groundball, 6, EV 86.9 MPH)
Batting: RHB Victor Tiscareno 0-0: Ball
1-0: Foul Ball, location: 2F
1-1: Foul Ball, location: 2F
1-2: Ground out 5-3 (Groundball, 56, EV 79.4 MPH)
Batting: SHB Mark Dunkley 0-0: Swinging Strike
0-1: Called Strike
0-2: Strikes out swinging
Bottom of the 8th over - 0 runs, 0 hits, 0 errors, 0 left on base; Seattle (AZL) 0 - Texas (AZL) 2
TOP OF THE 9TH
Seattle (AZL) Mariners batting - Pitching for Texas (AZL) Rangers : RHP David Herrera
Now at 1B: Mike Herrmann
Batting: RHB Kevin Spence 0-0: Called Strike
0-1: Ground out 5-3 (Groundball, 5, EV 84.4 MPH)
Pinch Hitting: LHB Ramon Boche 0-0: Ball
1-0: Called Strike
1-1: Foul Ball, location: 7LMF
1-2: Ground out 6-3 (Groundball, 6, EV 82.5 MPH)
Batting: RHB Kyle Hernandez 0-0: Ball
1-0: Ball
2-0: Called Strike
2-1: Ball
3-1: Fly out, F6 (Flyball, 6MD, EV 91.3 MPH)
Top of the 9th over - 0 runs, 0 hits, 0 errors, 0 left on base; Seattle (AZL) 0 - Texas (AZL) 2
Tuesday, April 9th , 2024 - OOTP Baseball 24.11 Build 85